[Event "Titled Tuesday Blitz August 22 Early 2023"]
[White "Delorme, Axel"]
[Black "Hoang, Thi Bao Tram"]
[WhiteFideId "632023"]
[BlackFideId "12401102"]
[WhiteElo "2401"]
[BlackElo "2677"]
[Result "0-1"]
[Round "2"]
[TimeControl "180+1"]
[Date "2023.08.22"]
[WhiteClock "0:01:31"]
[BlackClock "0:00:07"]
[Board "148"]

1. d4 d5 2. Nf3 Nf6 3. g3 g6 4. Bg2 Bg7 5. O-O c6 6. c4 Be6 7. cxd5 cxd5 8. Nc3 Nc6 9. Ne5 O-O 10. Bf4 Rc8 11. Qd2 Na5 12. Rfd1 Nc4 13. Nxc4 Rxc4 14. Rac1 a6 15. b3 Rc8 16. Na4 Nd7 17. Qb4 Rxc1 18. Rxc1 Qa8 19. Nc5 Nxc5 20. Qxc5 Rc8 21. Qxe7 Rxc1+ 22. Bxc1 Bxd4 23. e3 Qc8 24. Ba3 Bg7 25. Qc5 Qd7 26. Qd6 Qc8 27. h4 h5 28. Bxd5 Bxd5 29. Qxd5 Qc2 30. Qd8+ Kh7 31. Bf8 Qxa2 32. Bxg7 Kxg7 33. Qd4+ Kg8 34. Qd5 b5 35. Qd8+ Kg7 36. Qd4+ Kg8 37. Qc3 Qa3 38. e4 a5 39. e5 b4 40. Qc8+ Kg7 41. Qc4 Qa1+ 42. Kh2 Qxe5 43. Qa6 Qd5 44. Qe2 Qxb3 45. Qe5+ Kh7 46. g4 Qe6 47. Qxa5 Qxg4 48. Qd8 b3 49. Qf6 Qf5 50. Qb2 Qf4+ 51. Kg2 Qg4+ 52. Kh2 Qxh4+ 53. Kg2 Qe4+ 54. Kh2 Qc4 55. Qf6 Kg8 56. Qd8+ Kg7 57. Qd2 Qc7+ 58. Kg2 Qe5 59. f4 Qf6 60. Qb4 b2 61. Kg3 Kh6 62. Qd2 Kg7 63. Qb4 Kg8 64. Kf3 h4 65. Kg4 Kg7 66. Qb3 Kh6 67. Qb4 Qf5+ 68. Kxh4 b1=Q 69. Qf8+ Kh7 70. Qc5 Qxc5 71. Kg3 Qe3+ 72. Kg4 Qbg1+ 73. Kh4 Qxf4+ 74. Kh3 Qgg3# 0-1


[Site "https://www.chess.com"]

[Event "Titled Tuesday Blitz August 22 Early 2023"]
[White "Egor_Koshulyan"]
[Black "Melikhov, Evgeny V."]
[BlackFideId "4122046"]
[WhiteElo "2669"]
[BlackElo "2401"]
[Result "1-0"]
[Round "2"]
[TimeControl "180+1"]
[Date "2023.08.22"]
[WhiteClock "0:00:13"]
[BlackClock "0:00:01"]
[Board "149"]

1. e4 e5 2. Nf3 Nc6 3. Bb5 a6 4. Ba4 Nf6 5. O-O Nxe4 6. d4 b5 7. Bb3 d5 8. dxe5 Be6 9. c3 Bc5 10. Qe2 O-O 11. Be3 Bxe3 12. Qxe3 f6 13. exf6 Qxf6 14. Nbd2 Nxd2 15. Qxd2 Rad8 16. Rfe1 Na5 17. Nd4 Bf5 18. Rad1 Nxb3 19. axb3 c5 20. Nxf5 Qxf5 21. Ra1 d4 22. cxd4 Rxd4 23. Qe2 Rd6 24. Rac1 Rdf6 25. Rc2 h6 26. Rec1 Re6 27. Qd2 Re5 28. h3 Rfe8 29. Ra1 Rd5 30. Qc3 Re6 31. Rac1 Qe5 32. Qa5 Red6 33. Qa1 Rd2 34. Rxc5 Qxc5 35. Rxc5 Rd1+ 36. Qxd1 Rxd1+ 37. Kh2 Rd2 38. Rc6 Rxb2 39. Rxa6 Rxb3 40. Rb6 Rb1 41. Rb7 b4 42. h4 h5 43. Kg3 b3 44. f3 b2 45. Kf4 Kf8 46. Kg5 Ke8 47. Kxh5 Kd8 48. Kg6 Kc8 49. Rb3 Kc7 50. Kxg7 Kc6 51. h5 Kc5 52. h6 Kc4 53. Rb8 Kc3 54. h7 Rg1 55. Rxb2 Kxb2 56. h8=Q Rxg2+ 57. Kf7+ Kc2 58. Qh7+ Kd2 59. Qe4 Re2 60. Qxe2+ Kxe2 61. f4 1-0


[Site "https://www.chess.com"]

[Event "Titled Tuesday Blitz August 22 Early 2023"]
[White "Jakubowski, Krzysztof"]
[Black "Zenin, Dmitry"]
[WhiteFideId "1112848"]
[BlackFideId "4127897"]
[WhiteElo "2661"]
[BlackElo "2400"]
[Result "0-1"]
[Round "2"]
[TimeControl "180+1"]
[Date "2023.08.22"]
[WhiteClock "0:00:00"]
[BlackClock "0:00:06"]
[Board "150"]

1. e4 e5 2. Nf3 Nc6 3. Bc4 Bc5 4. O-O Nf6 5. d3 a6 6. c3 Ba7 7. a4 O-O 8. Re1 d6 9. h3 Ne7 10. Nbd2 Ng6 11. Nf1 c6 12. Ba2 h6 13. Ng3 Re8 14. d4 Bd7 15. Be3 Qc7 16. dxe5 dxe5 17. Bxa7 Rxa7 18. Nf5 Be6 19. Bxe6 Rxe6 20. Qb3 Ra8 21. Rad1 b5 22. g3 Rd8 23. Rxd8+ Qxd8 24. Rd1 Qc7 25. Nd2 Re8 26. Re1 Rd8 27. Nf1 Qd7 28. axb5 axb5 29. Qb4 Qd3 30. Re3 Qd1 31. Kg2 Qb1 32. Nh2 Rd2 33. Rf3 Qxe4 34. Qxe4 Nxe4 35. b3 Rb2 36. c4 bxc4 37. bxc4 Rc2 38. Ne3 Rc3 39. Nhf1 Ne7 40. Nf5 Nxf5 41. Rxf5 f6 42. Ne3 Kf7 43. h4 g6 44. Rf3 h5 45. g4 Nd2 46. Rg3 Nxc4 47. Nxc4 Rxc4 48. gxh5 gxh5 49. Rd3 Rxh4 50. Rd7+ Kg6 51. Rd6 Rc4 52. Kg3 h4+ 53. Kh3 Kg5 54. f3 Rc3 55. Kg2 h3+ 56. Kg3 f5 57. Rd8 f4+ 58. Kxh3 Rxf3+ 59. Kg2 Rg3+ 60. Kf2 Rc3 61. Rf8 Rc2+ 62. Kf3 Rc3+ 63. Kf2 c5 64. Rf7 Kg4 65. Rg7+ Kf5 66. Rg8 Rc2+ 67. Ke1 f3 68. Kd1 Re2 69. Rf8+ Ke4 70. Rf7 Ke3 71. Ra7 e4 72. Ra3+ Kf2 73. Ra8 Re3 74. Rh8 Rd3+ 75. Kc2 Ke2 76. Rh2+ f2 0-1


[Site "https://www.chess.com"]

[Event "Titled Tuesday Blitz August 22 Early 2023"]
[White "Fernandez Garcia, Gumersindo"]
[Black "Shuvalova, Polina"]
[WhiteFideId "24516740"]
[BlackFideId "24171760"]
[WhiteElo "2399"]
[BlackElo "2655"]
[Result "1/2-1/2"]
[Round "2"]
[TimeControl "180+1"]
[Date "2023.08.22"]
[WhiteClock "0:00:18"]
[BlackClock "0:00:18"]
[Board "151"]

1. e4 a5 2. d4 d5 3. exd5 Nf6 4. Nc3 Nxd5 5. Nxd5 Qxd5 6. Nf3 Bg4 7. Be2 Nc6 8. O-O e6 9. c4 Qd7 10. Be3 Be7 11. h3 Bh5 12. Qd2 O-O 13. Rfd1 Bb4 14. Qc2 Bg6 15. Bd3 a4 16. Bxg6 hxg6 17. d5 Na5 18. Ne5 Qe7 19. Bf4 Bd6 20. Re1 Qf6 21. Bg3 Qf5 22. Qxf5 exf5 23. Rac1 b6 24. Nd7 Bxg3 25. Nxf8 Bf4 26. Nd7 Bxc1 27. Rxc1 Rd8 28. Ne5 Re8 29. Nf3 Re2 30. c5 Nb7 31. d6 cxd6 32. c6 Nc5 33. c7 Re8 34. b4 axb3 35. axb3 Rc8 36. b4 Ne6 37. Rc6 b5 38. Rxd6 Rxc7 39. Rb6 Rc1+ 40. Kh2 Rc2 41. Kg1 Rc1+ 42. Kh2 Rc2 43. Rxb5 Rxf2 44. Rb8+ Kh7 45. Ne5 f6 46. Nf7 g5 47. Kg1 Rb2 48. b5 Kg6 49. Nd6 Nd4 50. b6 Nc6 51. Rb7 Na5 52. Ra7 Rxb6 53. Nxf5 Nc6 54. Ne7+ Nxe7 55. Rxe7 f5 56. Kh2 Kf6 57. Ra7 f4 58. Rc7 Rb2 59. Rc6+ Kf5 60. Kg1 Ra2 61. Rc5+ Kg6 62. Rc6+ Kh5 63. Rc5 Ra1+ 64. Kh2 Rb1 65. Rc7 Kh6 66. Rc6+ g6 67. Rc8 Rb2 68. Rd8 f3 69. Kg3 fxg2 70. Kh2 g4 71. hxg4 Kg5 72. Rd4 Rc2 73. Ra4 Rb2 74. Rc4 Kh4 75. Rd4 g5 76. Rc4 Rf2 77. Rd4 Rb2 78. Rc4 Ra2 79. Rb4 Rf2 80. Rd4 g1=Q+ 81. Kxg1 Kg3 82. Rd3+ Rf3 83. Rxf3+ Kxf3 84. Kf1 Kg3 85. Kg1 Kh3 86. Kh1 Kh4 87. Kh2 Kxg4 88. Kg2 Kf4 89. Kf2 Ke4 90. Kg3 Kf5 91. Kf3 Ke5 92. Kg4 Kf6 93. Kg3 Kf5 94. Kf3 g4+ 95. Kg3 Kg5 96. Kg2 Kh4 97. Kh2 Kg5 98. Kg3 Kf5 99. Kg2 Kf4 100. Kf2 g3+ 101. Kg2 Kg4 102. Kg1 Kf4 103. Kg2 Kg4 104. Kg1 Kh3 105. Kh1 g2+ 106. Kg1 Kg3 1/2-1/2


[Site "https://www.chess.com"]

[Event "Titled Tuesday Blitz August 22 Early 2023"]
[White "Cheer_Down"]
[Black "Zhu, Jiner"]
[BlackFideId "8608059"]
[WhiteElo "2397"]
[BlackElo "2652"]
[Result "0-1"]
[Round "2"]
[TimeControl "180+1"]
[Date "2023.08.22"]
[WhiteClock "0:00:20"]
[BlackClock "0:01:17"]
[Board "152"]

1. e4 e5 2. Nf3 Nc6 3. Bc4 Bc5 4. c3 Nf6 5. d4 exd4 6. e5 d5 7. Bb5 Ne4 8. cxd4 Bb6 9. Nc3 Bg4 10. Be3 O-O 11. Bxc6 bxc6 12. h3 Bh5 13. Qc2 f5 14. Nxe4 dxe4 15. Ng5 Qd5 16. g4 Ba5+ 17. Kf1 f4 18. gxh5 fxe3 19. Qxe4 Rxf2+ 20. Kg1 Qxe4 21. Nxe4 Rxb2 22. Rh2 e2 0-1


[Site "https://www.chess.com"]

[Event "Titled Tuesday Blitz August 22 Early 2023"]
[White "Castellanos Villela, Alejandro"]
[Black "FuenfgegenWilly"]
[WhiteFideId "3446379"]
[WhiteElo "2650"]
[BlackElo "2397"]
[Result "1-0"]
[Round "2"]
[TimeControl "180+1"]
[Date "2023.08.22"]
[WhiteClock "0:00:07"]
[BlackClock "0:00:11"]
[Board "153"]

1. e4 e5 2. Nf3 Nc6 3. Bc4 Nf6 4. d3 d5 5. exd5 Nxd5 6. O-O Bc5 7. Re1 O-O 8. Nxe5 Nxe5 9. Rxe5 Bxf2+ 10. Kxf2 Qh4+ 11. Kf1 Qf6+ 12. Qf3 Qxe5 13. Bxd5 c6 14. Bb3 Qxh2 15. Be3 Qh1+ 16. Bg1 a5 17. Nc3 a4 18. Bxa4 Ra5 19. Ke2 Re8+ 20. Kd2 Rf5 21. Qg3 Rf6 22. Bd4 Qh6+ 23. Be3 Qh5 24. Bb3 Rg6 25. Qf3 Qxf3 26. gxf3 Rg2+ 27. Ne2 h5 28. Rg1 Rxg1 29. Bxg1 Be6 30. Bxe6 Rxe6 31. Nf4 Rf6 32. Ke3 h4 33. d4 g5 34. Nh3 Re6+ 35. Kd3 f6 36. Be3 Kg7 37. c4 Kg6 38. d5 Rd6 39. Kd4 Kf5 40. Kc5 Rd8 41. dxc6 bxc6 42. Kxc6 Re8 43. Bd4 Rd8 44. Bc3 Rd3 45. c5 Rxf3 46. Ng1 Rf1 47. Kb7 Rxg1 48. c6 h3 49. c7 h2 50. c8=Q+ Kf4 51. Qc7+ Kf3 52. Qxh2 Rg2 53. Qh5+ g4 54. Qf7 Ke2 55. Qe6+ Kd1 56. Qd5+ Kc2 57. Qxg2+ Kb1 58. Qxg4 Kxa2 59. Qf5 Ka1 60. Qxf6 Ka2 61. Qa6+ Kb1 62. Qd3+ Ka2 63. Qc2 Ka1 64. b4# 1-0


[Site "https://www.chess.com"]

[Event "Titled Tuesday Blitz August 22 Early 2023"]
[White "Skvortsov, Andrei"]
[Black "Kazakov, Mikhail"]
[WhiteFideId "24108600"]
[BlackFideId "14102749"]
[WhiteElo "2646"]
[BlackElo "2397"]
[Result "1-0"]
[Round "2"]
[TimeControl "180+1"]
[Date "2023.08.22"]
[WhiteClock "0:00:50"]
[BlackClock "0:00:05"]
[Board "154"]

1. e4 e5 2. d4 exd4 3. Qxd4 Nc6 4. Qd3 Nf6 5. Nc3 Bb4 6. Bd2 d6 7. O-O-O O-O 8. f3 Re8 9. a3 Ba5 10. h4 a6 11. g4 b5 12. Nd5 Bxd2+ 13. Qxd2 Nxd5 14. Qxd5 Bb7 15. Qg5 Ne5 16. Qxd8 Raxd8 17. Be2 d5 18. f4 Ng6 19. f5 Nf4 20. e5 Rxe5 21. Bf3 Re3 22. Rd4 Rxf3 23. Nxf3 Ne2+ 24. Kd2 Nxd4 25. Nxd4 c5 26. Nb3 Rc8 27. Re1 Kf8 28. Na5 Ba8 29. b4 d4 30. Nb3 cxb4 31. axb4 Rc4 32. Nc5 Bc6 33. Nxa6 d3 34. cxd3 Rxg4 35. Nb8 Be8 36. Re4 Rg2+ 37. Ke3 Rg3+ 38. Ke2 f6 39. Rd4 Rh3 40. Na6 g6 41. Nc7 Bf7 42. Nxb5 gxf5 43. Nd6 Bh5+ 44. Kd2 Rh2+ 45. Kc3 Rf2 46. b5 Ke7 47. b6 Rf1 48. b7 Rb1 49. Rb4 1-0


[Site "https://www.chess.com"]

[Event "Titled Tuesday Blitz August 22 Early 2023"]
[White "Tregubov, Pavel V."]
[Black "Bogaudinov, Rushan"]
[WhiteFideId "4115341"]
[BlackFideId "4129288"]
[WhiteElo "2639"]
[BlackElo "2397"]
[Result "1-0"]
[Round "2"]
[TimeControl "180+1"]
[Date "2023.08.22"]
[WhiteClock "0:00:14"]
[BlackClock "0:00:00"]
[Board "155"]

1. e4 c5 2. Nf3 e6 3. c3 d5 4. e5 Nc6 5. d4 Nge7 6. Na3 Nf5 7. Nc2 Qb6 8. Bd3 cxd4 9. Bxf5 exf5 10. Ncxd4 Be6 11. O-O Be7 12. Qd3 Nxd4 13. Nxd4 Qa6 14. Qf3 g6 15. Bh6 Rg8 16. a4 Rc8 17. Nb5 g5 18. Qh5 Rc4 19. g3 Rg6 20. b3 Rc8 21. Rfd1 Qb6 22. Nd6+ Bxd6 23. exd6 Qd8 24. h4 gxh4 25. Bf4 hxg3 26. fxg3 Kd7 27. Qf3 h5 28. Rxd5 h4 29. Rb5 b6 30. a5 Rxg3+ 31. Bxg3 hxg3 32. axb6 Qh4 33. Rxa7+ Ke8 34. b7 Qh2+ 35. Kf1 Qh3+ 36. Qg2 Qg4 37. bxc8=Q+ Bxc8 38. Qe2+ Be6 39. Qxg4 fxg4 40. Rb8+ 1-0


[Site "https://www.chess.com"]

[Event "Titled Tuesday Blitz August 22 Early 2023"]
[White "rikchessmx"]
[Black "Sipila, Vilka"]
[BlackFideId "505455"]
[WhiteElo "2393"]
[BlackElo "2626"]
[Result "0-1"]
[Round "2"]
[TimeControl "180+1"]
[Date "2023.08.22"]
[WhiteClock "0:00:03"]
[BlackClock "0:00:07"]
[Board "156"]

1. e4 d5 2. exd5 Qxd5 3. Nc3 Qa5 4. Bc4 Nf6 5. d3 Bg4 6. f3 Bd7 7. Bd2 c6 8. Qe2 e6 9. Nh3 Bb4 10. a3 Nd5 11. Bxd5 cxd5 12. O-O-O Nc6 13. axb4 Qa1+ 14. Nb1 Nd4 15. Qe5 Nxc2 16. Bc3 f6 17. Qd6 d4 18. Kxc2 Ba4+ 19. Kc1 dxc3 20. Qxe6+ Kf8 21. bxc3 Bxd1 22. Rxd1 Rd8 23. Nf4 Re8 24. Qd6+ Kf7 25. Qd5+ Kf8 26. Ne6+ Kf7 27. Ng5+ Kg6 28. Ne4 Re5 29. Qc4 b5 30. Qc7 a5 31. f4 Rd5 32. g4 axb4 33. f5+ Kh6 34. g5+ fxg5 35. Qc6+ g6 36. Qxd5 bxc3 37. Nxc3 b4 38. fxg6 bxc3 39. Qb3 Rc8 40. Qc2 Rb8 41. gxh7 Kxh7 42. d4+ Kh6 43. Qxc3 Rxb1+ 44. Kd2 Qxc3+ 45. Kxc3 Rxd1 46. Kc4 Kg6 47. Kc5 Kf5 48. d5 Ke5 49. Kc4 Rxd5 50. h4 Rd4+ 51. Kc3 gxh4 0-1


[Site "https://www.chess.com"]

[Event "Titled Tuesday Blitz August 22 Early 2023"]
[White "HamedWafa4"]
[Black "Biregina"]
[WhiteElo "2620"]
[BlackElo "2392"]
[Result "1-0"]
[Round "2"]
[TimeControl "180+1"]
[Date "2023.08.22"]
[WhiteClock "0:02:21"]
[BlackClock "0:01:47"]
[Board "157"]

1. Nf3 Nc6 2. d4 d6 3. d5 Ne5 4. Nxe5 dxe5 5. e4 Nf6 6. f3 e6 7. c4 Bb4+ 8. Nc3 c6 9. dxc6 Qxd1+ 10. Kxd1 bxc6 11. Be3 Ba6 12. Kc2 Ke7 13. a3 Bd6 14. c5 Bxf1 15. cxd6+ Kxd6 16. Rhxf1 Kc7 17. Rac1 Kb7 18. Rfd1 Rad8 19. Rxd8 Rxd8 20. Rd1 Rxd1 21. Kxd1 Nd7 22. Na4 Kc7 23. Kc2 f6 24. Nc5 Nb6 25. Nxe6+ Kd6 26. Bxb6 axb6 27. Nxg7 1-0


[Site "https://www.chess.com"]

[Event "Titled Tuesday Blitz August 22 Early 2023"]
[White "Nefedov, Sergey"]
[Black "Avazkhonov, Alikhon"]
[WhiteFideId "24113417"]
[BlackFideId "14208504"]
[WhiteElo "2611"]
[BlackElo "2390"]
[Result "0-1"]
[Round "2"]
[TimeControl "180+1"]
[Date "2023.08.22"]
[WhiteClock "0:00:04"]
[BlackClock "0:00:19"]
[Board "158"]

1. c4 e5 2. Nc3 d6 3. g3 f5 4. Bg2 Nf6 5. Nf3 Be7 6. O-O O-O 7. d3 Nc6 8. Rb1 Qe8 9. b4 Nd8 10. Nd5 Ne6 11. Ng5 Nxd5 12. Bxd5 Bxg5 13. Bxg5 f4 14. Bh4 Kh8 15. f3 Qh5 16. Bxe6 Bxe6 17. e3 g5 18. exf4 exf4 19. Qe1 Rae8 20. Qc3+ Kg8 21. gxf4 gxh4 22. Rb2 Bh3 23. Rd1 Re6 24. Rf2 Rg6+ 25. Kh1 Rxf4 26. d4 Rxf3 27. Qxf3 Qxf3+ 28. Rxf3 Bg2+ 29. Kg1 Bxf3+ 0-1


[Site "https://www.chess.com"]

[Event "Titled Tuesday Blitz August 22 Early 2023"]
[White "Palchuk, Andrii"]
[Black "Spichkin, Alexander"]
[WhiteFideId "14176688"]
[BlackFideId "4144074"]
[WhiteElo "2611"]
[BlackElo "2379"]
[Result "1-0"]
[Round "2"]
[TimeControl "180+1"]
[Date "2023.08.22"]
[WhiteClock "0:01:50"]
[BlackClock "0:01:50"]
[Board "159"]

1. d4 e6 2. c4 f5 3. g3 Nf6 4. Bg2 Be7 5. Nf3 d6 6. O-O O-O 7. Nc3 a5 8. Qc2 Nc6 9. e4 Nb4 10. Qb1 fxe4 11. Nxe4 Nxe4 12. Qxe4 e5 13. g4 c6 14. dxe5 d5 15. cxd5 cxd5 16. Qb1 Bxg4 17. Nd4 Rc8 18. a3 Bc5 19. axb4 Bxd4 20. Rxa5 Bxe5 21. Rxd5 Qf6 22. Qe4 Rce8 23. Qxg4 1-0


[Site "https://www.chess.com"]

[Event "Titled Tuesday Blitz August 22 Early 2023"]
[White "Slovineanu, Viacheslav"]
[Black "Erzhanov, Arman"]
[WhiteFideId "13900510"]
[BlackFideId "4138821"]
[WhiteElo "2379"]
[BlackElo "2605"]
[Result "0-1"]
[Round "2"]
[TimeControl "180+1"]
[Date "2023.08.22"]
[WhiteClock "0:00:01"]
[BlackClock "0:00:55"]
[Board "160"]

1. d4 d6 2. e4 Nf6 3. Nc3 c6 4. h3 e5 5. Nf3 Nbd7 6. a4 Be7 7. Bc4 O-O 8. O-O a5 9. Re1 Nb6 10. Bb3 Nfd7 11. Be3 exd4 12. Nxd4 Nc5 13. Ba2 Bf6 14. Qd2 Re8 15. Nf5 Bxf5 16. exf5 Nbxa4 17. Nxa4 Nxa4 18. Bxf7+ Kxf7 19. Rxa4 b5 20. Ra2 d5 21. c3 a4 22. Raa1 Qd7 23. g4 Re4 24. f3 Re7 25. Bc5 Rxe1+ 26. Rxe1 Re8 27. Rxe8 Qxe8 28. g5 Bd8 29. Kg2 Bc7 30. h4 Qe5 31. f4 Qxf5 32. Kg3 h5 33. Qe3 Qg4+ 34. Kf2 Qxh4+ 35. Ke2 Qg4+ 36. Kd3 Qf5+ 37. Ke2 Qe6 38. f5 Qxe3+ 39. Kxe3 Be5 40. Kf3 Bc7 41. Bd4 Bd8 42. g6+ Kf8 43. Kf4 Bf6 44. Bc5+ Ke8 45. Kf3 Be7 46. Bd4 Kf8 47. Kf4 c5 48. Be5 b4 49. cxb4 cxb4 50. Bd4 a3 51. bxa3 bxa3 52. Ke3 a2 53. Kf4 Bf6 54. Bc5+ Ke8 0-1


[Site "https://www.chess.com"]

[Event "Titled Tuesday Blitz August 22 Early 2023"]
[White "pasteta13"]
[Black "Aggelis, Nikolaos"]
[BlackFideId "4213220"]
[WhiteElo "2379"]
[BlackElo "2600"]
[Result "1-0"]
[Round "2"]
[TimeControl "180+1"]
[Date "2023.08.22"]
[WhiteClock "0:01:13"]
[BlackClock "0:00:32"]
[Board "161"]

1. e4 c6 2. Nf3 d5 3. exd5 cxd5 4. d4 Nc6 5. c4 Nf6 6. Nc3 g6 7. cxd5 Nxd5 8. Bb5 Bg7 9. O-O O-O 10. h3 Bf5 11. Bg5 Nxc3 12. bxc3 h6 13. Bh4 Rc8 14. Re1 g5 15. Bg3 a6 16. Bxc6 Rxc6 17. Qb3 b5 18. Be5 Be6 19. Qa3 Bd5 20. Bxg7 Kxg7 21. Ne5 Re6 22. Nd3 a5 23. Rxe6 Bxe6 24. Re1 Bc4 25. Ne5 Bd5 26. Rb1 f6 27. Ng4 Bc6 28. Ne3 Qd6 29. Nf5+ 1-0


[Site "https://www.chess.com"]

[Event "Titled Tuesday Blitz August 22 Early 2023"]
[White "UnknownMagician"]
[Black "Federzoni, Enzo"]
[BlackFideId "2173301"]
[WhiteElo "2599"]
[BlackElo "2374"]
[Result "1-0"]
[Round "2"]
[TimeControl "180+1"]
[Date "2023.08.22"]
[WhiteClock "0:01:54"]
[BlackClock "0:00:53"]
[Board "162"]

1. d4 Nf6 2. Nf3 e6 3. Bg5 c5 4. d5 exd5 5. e3 Be7 6. Nc3 d4 7. exd4 cxd4 8. Nxd4 d5 9. Be2 O-O 10. O-O Nc6 11. Bf3 Ne5 12. Re1 Nxf3+ 13. Qxf3 h6 14. Bh4 Bg4 15. Qd3 Rc8 16. h3 Bd7 17. Rad1 Bb4 18. Bxf6 gxf6 19. Nxd5 Bxe1 20. Rxe1 Bc6 21. Ne7+ Kh8 22. Nxc8 Qd5 23. Nxc6 1-0


[Site "https://www.chess.com"]

[Event "Titled Tuesday Blitz August 22 Early 2023"]
[White "brm72"]
[Black "Yuruultei Batbaatar"]
[BlackFideId "4905962"]
[WhiteElo "2590"]
[BlackElo "2373"]
[Result "0-1"]
[Round "2"]
[TimeControl "180+1"]
[Date "2023.08.22"]
[WhiteClock "0:00:25"]
[BlackClock "0:00:21"]
[Board "163"]

1. d4 Nf6 2. c4 g6 3. Nc3 Bg7 4. Nf3 O-O 5. g3 d6 6. Bg2 c6 7. O-O Bf5 8. Ne1 Be6 9. b3 Na6 10. Bb2 Rb8 11. Nd3 c5 12. d5 Bd7 13. Rb1 Nc7 14. e4 b5 15. Qc2 bxc4 16. bxc4 Na6 17. a3 Ng4 18. h3 Ne5 19. Nxe5 Bxe5 20. f4 Bd4+ 21. Kh2 Qa5 22. Ne2 Bxb2 23. Rxb2 Qxa3 24. Ra2 Nb4 25. Rxa3 Nxc2 26. Rxa7 Rfd8 27. Rc1 Ne3 28. Bf3 Rb2 29. g4 Nc2 30. Kg3 Nb4 31. e5 dxe5 32. Rc3 e4 33. Bxe4 Rxe2 34. Bf3 Rc2 35. Re3 Kf8 36. f5 Rxc4 37. fxg6 hxg6 38. h4 Nc2 39. Rb3 Nd4 40. Rbb7 Nxf3 41. Kxf3 Bxg4+ 42. Kg3 Rxd5 43. Rxe7 Rd3+ 44. Kf2 Rc2+ 45. Kf1 Rd1+ 46. Re1 Bh3+ 47. Kg1 Rxe1# 0-1


[Site "https://www.chess.com"]

[Event "Titled Tuesday Blitz August 22 Early 2023"]
[White "Stepanencu, Nicodim-Cosmin"]
[Black "Kekic, Armin"]
[WhiteFideId "1256220"]
[BlackFideId "14401274"]
[WhiteElo "2586"]
[BlackElo "2373"]
[Result "1-0"]
[Round "2"]
[TimeControl "180+1"]
[Date "2023.08.22"]
[WhiteClock "0:00:13"]
[BlackClock "0:00:09"]
[Board "164"]

1. d4 d5 2. Nc3 Nf6 3. Bg5 e6 4. Qd3 Be7 5. f3 b6 6. O-O-O c5 7. e4 cxd4 8. Qxd4 Nc6 9. Bb5 Bd7 10. Qa4 Qc7 11. Bxf6 Bxf6 12. exd5 Bg5+ 13. Kb1 Nb8 14. dxe6 fxe6 15. Qe4 Nc6 16. Rxd7 Kxd7 17. Nh3 Be7 18. Nf4 e5 19. Nfd5 Qd6 20. Nxe7 Kxe7 21. Bxc6 Rac8 22. Bb7 Rc7 23. Nb5 Qf6 24. Nxc7 1-0


[Site "https://www.chess.com"]

[Event "Titled Tuesday Blitz August 22 Early 2023"]
[White "Ovezdurdyyeva, Jemal"]
[Black "Martins, Bruno Andre Leite"]
[WhiteFideId "14001888"]
[BlackFideId "1942255"]
[WhiteElo "2371"]
[BlackElo "2584"]
[Result "1-0"]
[Round "2"]
[TimeControl "180+1"]
[Date "2023.08.22"]
[WhiteClock "0:00:18"]
[BlackClock "0:00:10"]
[Board "165"]

1. e4 c5 2. Nf3 d6 3. c3 Nf6 4. Bd3 e6 5. O-O Be7 6. Bc2 O-O 7. d4 cxd4 8. cxd4 b6 9. Nc3 Bb7 10. Qe2 Nbd7 11. e5 dxe5 12. dxe5 Nd5 13. Qd3 f5 14. exf6 N7xf6 15. Ng5 Nxc3 16. Qxc3 Rc8 17. Qd3 Qd5 18. Qxd5 Bxd5 19. Bb3 Bxb3 20. axb3 a5 21. Nxe6 Rfe8 22. Be3 Bc5 23. Nxc5 bxc5 24. Rxa5 Rb8 25. Rxc5 Rxb3 26. Bd4 Kf7 27. f3 Re2 28. Rc7+ Kg6 29. h4 Rd3 30. Bc3 Rd6 31. Kh2 Nh5 32. Kh3 Nf4+ 33. Kg4 Ne6 34. Re7 h5+ 35. Kg3 Kh7 36. Rf2 Rxf2 37. Kxf2 Ra6 38. Ke3 Rc6 39. Ke4 Rc4+ 40. Kd5 1-0


[Site "https://www.chess.com"]

[Event "Titled Tuesday Blitz August 22 Early 2023"]
[White "Kozin, Yuri"]
[Black "Buscar, Michael"]
[WhiteFideId "4129920"]
[BlackFideId "2603616"]
[WhiteElo "2583"]
[BlackElo "2367"]
[Result "1-0"]
[Round "2"]
[TimeControl "180+1"]
[Date "2023.08.22"]
[WhiteClock "0:00:17"]
[BlackClock "0:00:04"]
[Board "166"]

1. e4 c5 2. Nf3 Nc6 3. d4 cxd4 4. Nxd4 Nf6 5. Nc3 e5 6. Ndb5 h6 7. Nd5 Nxd5 8. exd5 a6 9. Nc3 Nd4 10. Be3 Nf5 11. Bd3 Nxe3 12. fxe3 d6 13. O-O Qg5 14. Qf3 f6 15. Ne4 Qg4 16. Qf2 Be7 17. h3 Qh5 18. Ng3 Qf7 19. h4 Qxd5 20. Bg6+ Kd8 21. Rad1 Qxa2 22. Nf5 Bxf5 23. Qxf5 Kc7 24. Ra1 Qc4 25. Ra3 Kb8 26. Rc3 Qb4 27. Qd7 Rd8 28. Qxe7 Ka7 29. Rb3 1-0


[Site "https://www.chess.com"]

[Event "Titled Tuesday Blitz August 22 Early 2023"]
[White "Konenkin, Dmitry"]
[Black "Colas, Joshua"]
[WhiteFideId "4185781"]
[BlackFideId "2044447"]
[WhiteElo "2366"]
[BlackElo "2579"]
[Result "0-1"]
[Round "2"]
[TimeControl "180+1"]
[Date "2023.08.22"]
[WhiteClock "0:00:00"]
[BlackClock "0:00:34"]
[Board "167"]

1. d4 Nf6 2. Bg5 e6 3. e4 Be7 4. Nc3 Nxe4 5. Bxe7 Nxc3 6. Bxd8 Nxd1 7. Bxc7 Nxb2 8. a4 d5 9. Nf3 Nc6 10. Kd2 Kd7 11. Bf4 Nc4+ 12. Bxc4 dxc4 13. Kc3 b6 14. Kxc4 Ba6+ 15. Kb3 f6 16. Rad1 Rac8 17. Rhe1 g5 18. Be3 Na5+ 19. Kb2 Bb7 20. c3 g4 21. Nd2 Bxg2 22. Rg1 Bc6 23. Rxg4 Rhg8 24. Rdg1 Rxg4 25. Rxg4 Re8 26. Ka3 Re7 27. Kb4 f5 28. Rg8 Rf7 29. Bf4 a6 30. c4 Bb7 31. c5 Nc6+ 32. Kc4 Ne7 33. Rb8 Bd5+ 34. Kb4 Nc6+ 35. Kc3 Nxb8 36. Bxb8 bxc5 37. dxc5 Kc6 38. Kd4 Rd7 39. Bd6 Rb7 40. Nf1 Rb4+ 41. Ke5 Rxa4 42. Ne3 Re4+ 43. Kf6 a5 44. Nd1 a4 45. Nc3 Rc4 46. Ne2 a3 47. Be5 a2 48. Nf4 Re4 49. Bb2 Rxf4 0-1


[Site "https://www.chess.com"]

[Event "Titled Tuesday Blitz August 22 Early 2023"]
[White "Prudnykova, Olga"]
[Black "Arabidze, Meri"]
[WhiteFideId "14121093"]
[BlackFideId "13604040"]
[WhiteElo "2366"]
[BlackElo "2577"]
[Result "0-1"]
[Round "2"]
[TimeControl "180+1"]
[Date "2023.08.22"]
[WhiteClock "0:00:03"]
[BlackClock "0:00:05"]
[Board "168"]

1. e4 c5 2. Nf3 e6 3. Nc3 Nc6 4. d4 cxd4 5. Nxd4 a6 6. Be3 Nf6 7. a3 Qc7 8. Qf3 b5 9. O-O-O Bb7 10. Rg1 Qxh2 11. Bxb5 axb5 12. Bf4 Qh5 13. Ndxb5 Qxf3 14. gxf3 Rc8 15. Bd6 g6 16. Bxf8 Kxf8 17. Nd6 Rb8 18. f4 h5 19. e5 Ng4 20. f3 Ne3 21. Rd3 Nf5 22. Nxb7 Rxb7 23. Na4 Ke7 24. Rgd1 Nb8 25. Nc5 Rc7 26. Ne4 h4 27. Nf6 h3 28. Rh1 d6 29. Ng4 Nd7 30. Rd2 dxe5 31. fxe5 Rc5 32. f4 Rc4 33. Rf2 Nc5 34. Rf3 Rc8 35. Rh2 Re4 36. Kb1 Nd4 37. Rf1 Re2 38. Rxh3 Nxc2 39. Rc3 Nd4 40. Nf6 Rb8 41. b4 Na4 42. Rd3 Rc8 43. Rc1 Rxc1+ 44. Kxc1 Rc2+ 45. Kd1 Rc4 46. Ne4 Nb2+ 47. Kd2 Nxd3 48. Kxd3 Rc1 49. Kxd4 Ra1 50. b5 Rxa3 51. Nc5 Ra1 52. b6 Rd1+ 53. Kc4 Rb1 54. b7 Kd8 55. Kd4 Kc7 56. Kc3 Rb5 57. Kc4 Rb2 58. Na4 Rxb7 59. Nc5 Rb1 60. Na6+ Kd7 61. Nc5+ Ke7 62. Kd4 Rf1 63. Ne4 Rxf4 64. Ke3 Rxe4+ 65. Kxe4 f5+ 0-1


[Site "https://www.chess.com"]